Cogmind - Beta 11.1 @@@ ROGUE MODE // 2022.07.17 @ 11:49:02 Player: Klevski Result: Destroyed by H-77 Assassin with High-powered Shotgun Performance ------------- Evolutions (6) 3000 Regions Visited (27) 5400 Robots Destroyed (217) 1085 Value Destroyed (8397) 8397 Prototype IDs (96) 1920 Alien Tech Used (3) 600 Bonus (4735) 4735 TOTAL SCORE: 25137 Bonus ------- High Alert Combat Kills 1290 Follower Combat Kills 1384 Aligned with FarCom 300 Met Data Miner 300 Met Imprinter 300 Was Imprinted 300 Met Warlord at Base 500 MAIN.C Attacked Warlord 500 Warlord Defense Kills 220 Friendly Fire -359 Cogmind --------- Core Integrity 0/1150 Matter 300/300 Energy 885/1100 System Corruption 6% Temperature Cool (0) Movement Walking (120) Location -3/Proximity Caves Parts ------- > --- POWER (2) -------- (None) > --- PROPULSION (4) --- Advanced Myomer Leg Advanced Myomer Leg > --- UTILITY (10) ----- High-capacity Storage Unit Advanced Energy Well Advanced Energy Well Improved Trap Scanner Makeshift Salvage Targeting Computer Advanced System Shield > --- WEAPON (4) ------- Powered Hammer > --- INVENTORY (20) --- Light Fission Core Improved Treads Improved Treads Carbon-fiber Leg Flexi-carbon Leg Flexi-carbon Leg Antigrav System Impulse Thruster Advanced Cryofiber Web Advanced Heat Sink Advanced Heat Sink Improved Matter Compressor (300) Advanced ECM Suite Heavy Reflective Plating Improved Component Analysis Suite Tesla Rifle Dispersion Rifle Disruptor Cannon Peak State ------------ > --- POWER ------------ Vortex Chain Reactor > --- PROPULSION ------- Heavy Treads Heavy Treads > --- UTILITY ---------- Advanced Cooling System Improved Coolant Injector Large Storage Unit Improved Energy Well Enhanced Optical Array 0b10 Decoder Chip [Scout] Experimental Core Analyzer Improved Weapon Cycler Improved Phase Shifter Improved Energy Mantle > --- WEAPON ----------- Vortex Driver Enhanced Coil Gun Heavy Gauss Cannon Heavy Proton Missile Launcher > --- INVENTORY -------- Heavy Treads Heavy Treads Advanced Cryofiber Web Advanced Heat Sink Advanced Energy Well Improved Trap Scanner Skeleton Box System Purifier Dispersion Rifle Dispersion Rifle Long-range Phase Cannon Heavy Gauss Cannon [Rating: 145] Favorites ----------- Power Heavy Ion Engine Engine Heavy Ion Engine Power Core Light Nuclear Core Reactor Vortex Chain Reactor Propulsion Light Treads Treads Light Treads Leg Carbon-fiber Leg Hover Unit Improved Antigrav System Flight Unit Nuclear Pulse Thruster Utility Large Storage Unit Device Advanced Sensor Array Storage Large Storage Unit Processor Enhanced Optical Array Hackware Makeshift System Shield Protection Improved Heavy Armor Plating Weapon Enhanced Coil Gun Energy Gun Spread Laser Energy Cannon EM Pulse Cannon Ballistic Gun Enhanced Coil Gun Ballistic Cannon AWS/Autocannon Launcher Heavy Proton Missile Launcher Impact Weapon Heavy Mace Slashing Weapon Makeshift Sword Piercing Weapon Heavy Pick Build | -11 -10 -10 -9 -9 -9 -8 -8 -7 -7 -7 -7 -6 -6 -6 -6 -6 -5 -5 -5 -5 -5 -4 -4 -4 -4 -4 -3 ------- Run | Scr Mat Min Mat Min Exi Min Mat Fac Low Low Dat Pro Fac Low Low Zio Pro Fac Upp Upp War Pro Fac Upp Upp Zhi Pro Slots Evolved 12 | . . . 2 . . . 2 2 . . . . 2 . . . . 2 . . . . 2 . . . . Power . | . . . . . . . . . . . . . . . . . . . . . . . . . . . . Propulsion 2 | . . . . . . . 2 . . . . . . . . . . . . . . . . . . . . Utility 8 | . . . 1 . . . . 2 . . . . 2 . . . . 1 . . . . 2 . . . . Weapon 2 | . . . 1 . . . . . . . . . . . . . . 1 . . . . . . . . . Parts Attached 250 | 7 12 2 28 1 14 1 12 7 1 1 . 1 12 5 8 4 6 56 5 6 9 1 23 10 6 11 1 Power 25 | 2 1 1 4 . . . 2 . . . . 1 . . . 1 1 5 . 1 1 . . 1 2 2 . Engine 17 | 2 1 1 4 . . . 2 . . . . 1 . . . 1 1 3 . 1 . . . . . . . Core 4 | . . . . . . . . . . . . . . . . . . 1 . . . . . . 2 1 . Reactor 4 | . . . . . . . . . . . . . . . . . . 1 . . 1 . . 1 . 1 . Propulsion 42 | 2 2 . 5 . 1 1 1 . . . . . . . 4 . 3 12 . . 1 . 2 3 2 3 . Treads 21 | 2 2 . 5 . 1 . . . . . . . . . . . 1 7 . . 1 . 2 . . . . Leg 14 | . . . . . . 1 . . . . . . . . . . 2 5 . . . . . 2 1 3 . Wheel . | . . . . . . . . . . . . . . . . . . . . . . . . . . . . Hover 2 | . . . . . . . . . . . . . . . . . . . . . . . . 1 1 . . Flight 5 | . . . . . . . 1 . . . . . . . 4 . . . . . . . . . . . . Utility 112 | 1 5 . 7 . 5 . 5 5 . 1 . . 10 4 3 . 1 26 3 5 6 1 14 4 1 4 1 Device 57 | . 3 . 3 . 2 . . 2 . . . . 4 2 2 . 1 15 2 4 3 1 10 1 . 1 1 Storage 11 | 1 1 . 1 . 1 . . . . . . . . . . . . 1 1 . 1 . 1 1 1 1 . Processor 12 | . . . 1 . . . . 1 . . . . 5 . . . . 1 . . 1 . 1 2 . . . Hackware 8 | . . . . . . . 1 1 . 1 . . . 1 . . . 3 . . . . . . . 1 . Protection 24 | . 1 . 2 . 2 . 4 1 . . . . 1 1 1 . . 6 . 1 1 . 2 . . 1 . Artifact . | . . . . . . . . . . . . . . . . . . . . . . . . . . . . Weapon 71 | 2 4 1 12 1 8 . 4 2 1 . . . 2 1 1 3 1 13 2 . 1 . 7 2 1 2 . Energy Gun 11 | 1 1 1 4 . . . . . . . . . . . . . . 2 . . . . 2 . . . . Energy Cannon 11 | . . . 4 1 . . . . . . . . . . . . . 3 . . 1 . 2 . . . . Ballistic Gun 12 | 1 . . . . 5 . . 1 . . . . . . . . . 4 1 . . . . . . . . Ballistic Cannon 12 | . 3 . . . 3 . . . . . . . . . . . . 3 1 . . . 2 . . . . Launcher 4 | . . . 1 . . . . . . . . . . . . . 1 1 . . . . 1 . . . . Special Weapon . | . . . . . . . . . . . . . . . . . . . . . . . . . . . . Impact Weapon 7 | . . . . . . . 3 . . . . . . . . . . . . . . . . 1 1 2 . Slashing Weapon 9 | . . . 3 . . . 1 . . . . . 1 1 . 3 . . . . . . . . . . . Piercing Weapon 5 | . . . . . . . . 1 1 . . . 1 . 1 . . . . . . . . 1 . . . Special Melee Weapon . | . . . . . . . . . . . . . . . . . . . . . . . . . . . . Unidentified Prototypes 22 | . . . 2 . 2 . . . . . . . . . 1 . . 6 . . 5 . 2 1 . 3 . Parts Lost 57 | . . . 4 . 7 . 1 . . . . . . . . . 10 11 . . . . 14 . . . 10 Power 6 | . . . 1 . . . 1 . . . . . . . . . 1 1 . . . . . . . . 2 Propulsion 15 | . . . . . 2 . . . . . . . . . . . 4 4 . . . . 3 . . . 2 Utility 19 | . . . . . 3 . . . . . . . . . . . 3 4 . . . . 5 . . . 4 Weapon 17 | . . . 3 . 2 . . . . . . . . . . . 2 2 . . . . 6 . . . 2 Highest Loss Streak 11 | . . . 1 . 5 . 1 . . . . . . . . . 6 5 . . . . 11 . . . 8 To Critical Strikes 5 | . . . . . 4 . . . . . . . . . . . . . . . . . 1 . . . . Average Slot Usage (%) 80 | . 97 99 96 100 71 71 50 75 76 76 76 76 79 80 86 93 75 78 82 79 80 77 77 18 61 73 83 Engine 7 | . 14 13 10 11 11 11 2 7 7 7 7 7 6 6 6 6 5 7 5 5 6 . . . . . . Treads 10 | . 27 28 22 22 17 11 . . . . . . . . . . 2 5 11 11 11 11 9 . . . . Leg 1 | . . . . . . 5 . . . . . . . . . . 5 8 . . . . . 1 11 16 18 Flight 3 | . . . . . . . 9 7 7 7 7 7 6 6 14 25 12 . . . . . . . . . . Device 8 | . 6 . 8 11 10 11 . 6 7 7 7 7 5 5 5 6 5 12 11 10 10 10 16 2 5 5 12 Storage 8 | . 14 14 11 11 4 11 9 7 7 7 7 7 6 6 6 6 6 5 11 11 9 5 6 2 6 11 15 Processor 10 | . . . 10 11 11 11 7 3 7 7 7 7 20 20 19 18 18 10 11 11 8 11 14 4 10 10 8 Hackware 3 | . . . . . . . 1 15 15 15 15 15 13 13 12 12 6 6 . . . . . . . 1 5 Protection 3 | . 5 14 2 . 4 . 8 3 . . . . . . . . . 3 5 5 10 11 6 . . 1 3 Energy Gun 3 | . 11 14 11 22 1 . . . . . . . . . . . . 3 . . . . . . . . . Energy Cannon 2 | . . . 9 11 . . . . . . . . . . . . . 4 5 5 5 5 4 . . . . Ballistic Gun 2 | . 3 . . . 3 . . . 4 . . . . . . . . 4 10 11 11 11 4 . . . . Ballistic Cannon 3 | . 13 14 5 . 7 11 6 . . . . . . . . . . . . . . . 4 . . . . Launcher 1 | . . . 4 . . . . . . . . . . . . . . . 5 5 5 5 4 . . . . Impact Weapon 1 | . . . . . . . 2 13 7 7 7 7 4 . . . . . . . . . . 2 8 8 8 Slashing Weapon 2 | . . . 1 . . . 2 7 7 7 7 7 7 13 12 12 9 1 . . . . . . . . . Piercing Weapon 1 | . . . . . . . . . 2 7 7 7 6 6 5 6 3 . . . . . . 2 5 5 3 Naked Turns 125 | . . . . . . . . . . . . . . . . . . . . . . . 32 93 . . . Heaviest Build 139 | 12 36 36 41 41 96 88 93 49 37 33 33 37 39 47 47 40 42 102 99 103 133 132 139 21 69 83 86 Greatest Support 152 | 40 40 40 43 43 43 32 50 50 50 50 50 50 50 50 50 23 30 152 140 140 140 140 140 40 55 110 110 Greatest Overweight (x) 13 | . . . 1 . 2 2 1 . . . . . . . 13 1 10 8 . . . . . . 1 1 . Average Overweight (x) . | . . . . . 1 2 . . . . . . . . . 1 1 . . . . . . . . . . Largest Inventory Capacity 20 | 8 15 15 15 15 15 15 15 15 15 15 15 15 15 15 15 15 15 15 15 15 15 15 15 5 20 20 20 Average Capacity 14 | 7 14 15 15 15 9 15 15 15 15 15 15 15 15 15 15 15 15 15 15 15 15 15 14 5 10 20 20 Most Carried 19 | 5 15 15 15 15 15 15 15 15 15 15 15 15 15 15 15 15 15 15 15 15 15 15 15 5 11 19 19 Average Carried 12 | 3 12 14 12 14 7 15 14 14 15 15 15 15 14 15 13 14 14 14 14 14 14 14 13 4 6 12 16 Final Capacity 20 | 8 15 15 15 15 15 15 15 15 15 15 15 15 15 15 15 15 15 15 15 15 15 15 5 5 20 20 20 Final Carried 19 | 5 15 15 15 15 15 15 15 15 15 15 15 15 15 15 13 15 14 15 15 15 15 15 5 5 11 16 19 Class Distribution -------------------- 30% | Mutant 22% | Gunner 9% | Hacker-Mutant 9% | Tank 8% | Hacker-Scout 7% | Derelict-Mutant 4% | Hacker-Assassin 4% | Derelict-Assassin Dominant Class ---------------- Mutant | -10/Materials Mutant | -10/Mines Gunner | -9/Materials Mutant | -9/Mines Gunner | -9/Exiles Gunner | -8/Mines Gunner | -8/Materials Hacker-Mutant | -7/Factory Hacker-Mutant | -7/Lower Caves Hacker-Mutant | -7/Lower Caves Hacker-Mutant | -7/Data Miner Hacker-Mutant | -6/Proximity Caves Hacker-Scout | -6/Factory Hacker-Scout | -6/Lower Caves Hacker-Assassin | -6/Lower Caves Hacker-Assassin | -6/Zion Mutant | -5/Proximity Caves Hacker-Mutant | -5/Factory Tank | -5/Upper Caves Tank | -5/Upper Caves Tank | -5/Warlord Tank | -4/Proximity Caves Derelict-Mutant | -4/Factory Derelict-Mutant | -4/Upper Caves Derelict-Mutant | -4/Upper Caves Derelict-Mutant | -4/Zhirov Derelict-Mutant | -3/Proximity Caves Resources | -11 -10 -10 -9 -9 -9 -8 -8 -7 -7 -7 -7 -6 -6 -6 -6 -6 -5 -5 -5 -5 -5 -4 -4 -4 -4 -4 -3 ----------- Run | Scr Mat Min Mat Min Exi Min Mat Fac Low Low Dat Pro Fac Low Low Zio Pro Fac Upp Upp War Pro Fac Upp Upp Zhi Pro Matter Collected 5432 | 227 263 78 466 20 294 33 176 26 43 37 . 64 366 81 45 69 93 928 115 140 180 58 695 389 66 349 131 Remotely . | . . . . . . . . . . . . . . . . . . . . . . . . . . . . Salvage Created 9131 | . 325 82 1210 256 134 . 934 26 . . . 302 692 99 18 . 138 1192 267 20 46 90 2170 275 . 349 506 Parts 438 | . 30 2 82 23 3 . 60 1 . . . 12 37 1 4 . 7 62 5 2 . 3 95 2 . 3 4 Haulers Intercepted 17 | . 1 . 5 . . . 4 . . . . . 3 . . . . 2 . . . . 2 . . . . Recyclers Shooed 5 | . . . 1 . . . . . . . . . . . . . . . . . . . 4 . . . . Parts Field Recycled . | . . . . . . . . . . . . . . . . . . . . . . . . . . . . Retrieved Matter . | . . . . . . . . . . . . . . . . . . . . . . . . . . . . Parts Self-Destructed 60 | . . . . . . . . . . 4 . 17 . 4 . . 20 . 7 . . 3 . . 2 1 2 Prevented 19 | . . . . . . . . . . . . 2 . . . . 4 . 4 . . . . 2 5 . 2 Kills | -11 -10 -10 -9 -9 -9 -8 -8 -7 -7 -7 -7 -6 -6 -6 -6 -6 -5 -5 -5 -5 -5 -4 -4 -4 -4 -4 -3 ------- Run | Scr Mat Min Mat Min Exi Min Mat Fac Low Low Dat Pro Fac Low Low Zio Pro Fac Upp Upp War Pro Fac Upp Upp Zhi Pro Combat Hostiles Destroyed 164 | . 12 3 26 10 3 . 25 . . . . 5 6 1 1 . 4 19 4 1 1 2 36 . . . 5 Melee 19 | . . . . . . . 1 . . . . 4 6 1 1 . 4 1 . . . . . . . . 1 Guns 46 | . 6 1 5 9 3 . . . . . . . . . . . . 9 3 1 . 2 7 . . . . Cannons 79 | . 6 2 14 . . . 24 . . . . . . . . . . 7 1 . 1 . 24 . . . . AOE 15 | . . . 7 1 . . . . . . . . . . . . . 2 . . . . 5 . . . . Classes Destroyed 19 | . 4 . 2 1 2 . 2 . . . . . 1 . 1 . . 3 . . 1 . 2 . . . . Worker 7 | . . . . . . . . . . . . . . . . . . . . . . . 7 . . . . Builder 9 | . . . . . . . . . . . . . . . . . . 2 . . . . 7 . . . . Hauler 17 | . 1 . 5 . . . 4 . . . . . 3 . . . . 2 . . . . 2 . . . . Recycler 1 | . . . . . . . . . . . . . . . . . . 1 . . . . . . . . . Operator 4 | . . . 1 . . . 2 . . . . . 1 . . . . . . . . . . . . . . Turret 1 | . . . . . 1 . . . . . . . . . . . . . . . . . . . . . . Watcher 17 | . 2 . 4 . . . 5 1 . . . . 3 . . . . 1 . . . . 1 . . . . Swarmer 39 | . 5 . 6 7 . . 6 . . . . 3 . 1 . . 3 5 . . . . 3 . . . . Grunt 58 | . 7 3 10 2 . . 8 . . . . 2 1 . . . 1 4 1 . . . 14 . . . 5 Brawler 3 | . . . . . . . 1 . . . . . . . . . . . 1 . . . 1 . . . . Duelist 2 | . . . . 1 . . . . . . . . . . . . . 1 . . . . . . . . . Sentry 28 | . . . 10 . . . 9 . . . . . . . . . . 2 1 . . 1 5 . . . . Hunter 10 | . . . . . . . . . . . . . . . . . . 2 1 . . . 7 . . . . Programmer 16 | . . . . . . . . . . . . . 5 . . . . 5 . . . 1 5 . . . . Heavy 1 | . . . . . . . 1 . . . . . . . . . . . . . . . . . . . . Behemoth 1 | . . . . . . . . . . . . . . . . . . . . . . . 1 . . . . Striker 1 | . . . . . . . . . . . . . . . . . . . . . 1 . . . . . . Master Thief 2 | . . . . . . . . . . . . . . . 1 . . . . 1 . . . . . . . Assembled 2 | . . . . . 2 . . . . . . . . . . . . . . . . . . . . . . Best Kill Streak 15 | . 3 1 4 4 2 . 7 1 . . . 3 2 1 1 . 4 4 2 1 1 1 15 . . . 3 Combat Bots Only 9 | . 3 1 4 4 2 . 7 . . . . 3 1 1 1 . 4 3 2 1 1 1 9 . . . 3 Max Kills in Single Turn 6 | . 1 1 3 1 1 . 1 1 . . . 1 1 1 1 . 1 2 1 1 1 1 6 . . . 1 Gunslinging 1 | . . . . . . . . . . . . . . . . . . 1 . . . . . . . . . Exploded 3 | . . . 3 1 . . . . . . . . . . . . . 1 . . . . 3 . . . . Melee 1 | . . . . . . . 1 . . . . 1 1 1 1 . 1 1 . . . . . . . . 1 Uniques/NPCs Destroyed 1 | . . . . . 1 . . . . . . . . . . . . . . . . . . . . . . 8R-AWN (-9/Exiles) Combat | -11 -10 -10 -9 -9 -9 -8 -8 -7 -7 -7 -7 -6 -6 -6 -6 -6 -5 -5 -5 -5 -5 -4 -4 -4 -4 -4 -3 -------- Run | Scr Mat Min Mat Min Exi Min Mat Fac Low Low Dat Pro Fac Low Low Zio Pro Fac Upp Upp War Pro Fac Upp Upp Zhi Pro Damage Taken 14889 | . 530 193 1122 253 1532 . 598 22 . . . 111 179 73 78 . 868 2132 96 34 523 79 4564 236 30 . 1636 Core 2436 | . 105 51 130 25 117 . 68 . . . . 38 . . 10 . 319 394 6 . 37 . 639 236 . . 261 Absorbed by Shields 1834 | . . . . . . . . . . . . . . . . . . 215 95 36 162 74 1252 . . . . Reduced by Siege Mode 444 | . . . . . . . . . . . . . . . . . . 6 . . . 6 432 . . . . Redirected to Shielding 312 | . . . . . . . . . . . . . . . . . . . . . . . 146 . . . 166 Regen/Repaired (Parts) 600 | . 226 . 184 . . . . . . . . . . . . . . 190 . . . . . . . . . Core Remaining (%) 66 | 100 . 37 . . . 32 87 . . . . 94 . . . . 61 . . . . 56 . . . . . Volleys Fired 353 | . 49 10 71 14 34 . . 10 . . . . . . . . . 67 10 8 6 6 68 . . . . Largest 4 | . 2 2 3 3 3 . . 1 . . . . . . . . . 4 4 4 3 3 4 . . . . Hottest 315 | . 100 100 175 164 69 . . 30 . . . . . . . . . 280 190 190 160 160 315 . . . . Shots Fired 874 | . 93 20 137 31 99 . 65 10 . . . . . . . . . 145 25 26 14 14 195 . . . . Gun 451 | . 65 10 41 21 91 . . 10 . . . . . . . . . 102 14 16 8 12 61 . . . . Cannon 394 | . 28 10 91 10 8 . 65 . . . . . . . . . . 39 8 8 4 2 121 . . . . Launcher 29 | . . . 5 . . . . . . . . . . . . . . 4 3 2 2 . 13 . . . . Special . | . . . . . . . . . . . . . . . . . . . . . . . . . . . . Kinetic 527 | . 54 10 34 . 99 . 65 10 . . . . . . . . . 81 14 16 8 12 124 . . . . Thermal 192 | . 39 10 36 7 . . . . . . . . . . . . . 60 8 8 . . 24 . . . . Explosive 9 | . . . 5 . . . . . . . . . . . . . . 4 . . . . . . . . . Electromagnetic 106 | . . . 62 24 . . . . . . . . . . . . . . 3 2 2 . 13 . . . . Entropic 40 | . . . . . . . . . . . . . . . . . . . . . 4 2 34 . . . . Robot Hit Streak 24 | . 8 9 14 10 11 . 24 2 . . . . . . . . . 15 12 4 4 7 20 . . . . Robot Miss Streak 11 | . 7 4 9 2 3 . 2 3 . . . . . . . . . 11 1 5 3 1 3 . . . . Penetration Max 1 | . . . . . . . . . . . . . . . . . . . . 1 . . 1 . . . . Secondary Targets 2 | . . . . . 1 . . . . . . . . . . . . 1 . . . . . . . . . Max Gunslinging Chain 1 | . . . . . 1 . . . . . . . . . . . . 1 . . . . . . . . . Autonomous 73 | . . . . . 8 . 65 . . . . . . . . . . . . . . . . . . . . Shots Hit Robots 715 | . 60 16 112 16 76 . 78 7 . . . 11 32 2 5 . 17 91 19 10 7 12 110 4 . 8 22 Core Hits 373 | . 34 17 61 13 24 . 27 1 . . . 6 13 . 2 . 2 45 10 3 7 4 93 3 . 4 4 Critical Kills 5 | . . . . . . . . . . . . . . . . . . 1 1 . . . 2 . . . 1 Critical Parts Destroyed 10 | . . . . . 1 . . . . . . . . . . . . 2 . 2 . 1 2 . . . 2 Critical Strikes 73 | . 3 1 4 1 1 . 9 . . . . . 2 . . . 2 6 1 2 . 3 34 . . 1 3 Burn 5 | . . . 3 1 . . . . . . . . . . . . . 1 . . . . . . . . . Destroy 13 | . . . . . 1 . . . . . . . . . . . . 4 1 2 . 1 4 . . . . Blast 22 | . 3 1 1 . . . 8 . . . . . . . . . . . . . . . 9 . . . . Smash 3 | . . . . . . . . . . . . . . . . . . . . . . . . . . . 3 Sever 6 | . . . . . . . 1 . . . . . 2 . . . 2 1 . . . . . . . . . Impale 1 | . . . . . . . . . . . . . . . . . . . . . . . . . . 1 . Sunder 23 | . . . . . . . . . . . . . . . . . . . . . . 2 21 . . . . Melee Attacks 237 | . . . 9 . . . 38 14 . . . 15 62 6 12 . 26 7 . . . . . 5 1 8 34 Impact 43 | . . . . . . . 2 3 . . . 2 6 . . . . . . . . . . 2 . . 28 Slashing 162 | . . . 9 . . . 36 11 . . . 12 48 4 9 . 26 7 . . . . . . . . . Piercing 32 | . . . . . . . . . . . . 1 8 2 3 . . . . . . . . 3 1 8 6 Sneak Attacks 13 | . . . 3 . . . 4 . . . . . 5 . . . . 1 . . . . . . . . . Combat Hostiles . | . . . . . . . . . . . . . . . . . . . . . . . . . . . . Follow-up Attacks 24 | . . . . . . . . . . . . 2 9 1 2 . 5 . . . . . . . . . 5 Damage Inflicted 29832 | . 797 226 3012 368 1493 . 5682 187 . . . 469 1510 106 187 . 720 3326 710 449 526 504 7749 264 . 475 1072 Guns 6450 | . 476 123 566 231 1128 . . 55 . . . . . . . . . 1728 339 260 116 336 1092 . . . . Cannons 13549 | . 321 103 1452 49 365 . 4739 . . . . . . . . . . 918 263 74 328 168 4769 . . . . Explosions 3385 | . . . 722 88 . . . . . . . . . . . . . 417 108 115 66 . 1869 . . . . Melee 6399 | . . . 272 . . . 943 132 . . . 469 1510 106 187 . 719 250 . . . . . 264 . 475 1072 Ramming 49 | . . . . . . . . . . . . . . . . . 1 13 . . 16 . 19 . . . . Kinetic 12395 | . 455 103 375 . 1493 . 4739 55 . . . . . . . . . 1607 339 260 116 336 2517 . . . . Thermal 4053 | . 342 123 670 138 . . . . . . . . . . . . . 1039 263 74 . . 1404 . . . . Explosive 974 | . . . 557 . . . . . . . . . . . . . . 417 . . . . . . . . . Electromagnetic 2711 | . . . 1138 230 . . . . . . . . . . . . . . 108 115 66 . 1054 . . . . Impact 1345 | . . . . . . . . . . . . 37 119 . . . . . . . . . . 193 . . 996 Slashing 4176 | . . . 272 . . . 943 132 . . . 432 1200 106 122 . 719 250 . . . . . . . . . Piercing 878 | . . . . . . . . . . . . . 191 . 65 . . . . . . . . 71 . 475 76 Entropic 3251 | . . . . . . . . . . . . . . . . . . . . . 328 168 2755 . . . . Highest Corruption 6 | . . . . . . . . 1 1 1 1 1 3 3 3 3 . 2 . . . . 5 6 6 6 6 Average Corruption 3 | . . . . . . . . 1 1 1 1 1 2 3 3 3 . 1 . . . . 4 5 6 6 6 Corruption Purged . | . . . . . . . . . . . . . . . . . . . . . . . . . . . . Corruption Blocked 4 | . . . . . . . . . . . . . . . . . . . . . . . . 4 . . . Effects 64 | . . . . . . . . 3 . 1 . 3 3 7 7 2 . . . . . . 2 6 11 8 11 Message Errors 13 | . . . . . . . . 1 . . . . . 1 1 . . . . . . . . 2 3 2 3 Matter Fused 19 | . . . . . . . . 1 . . . . 1 3 3 1 . . . . . . . 2 1 3 4 Heat Flow Errors 8 | . . . . . . . . . . . . 2 . . . 1 . . . . . . . 1 2 1 1 Energy Discharges 10 | . . . . . . . . . . . . . 1 2 . . . . . . . . 1 . 3 1 2 Data Loss (minor) 9 | . . . . . . . . . . 1 . . 1 1 3 . . . . . . . 1 . . 1 1 Data Loss (major) 3 | . . . . . . . . 1 . . . 1 . . . . . . . . . . . 1 . . . Alerts 2 | . . . . . . . . . . . . . . . . . . . . . . . . . 2 . . Overload Shots . | . . . . . . . . . . . . . . . . . . . . . . . . . . . . Overflow Damage 1833 | . . . 90 . . . 708 39 . . . 56 113 64 . . 40 14 . 12 106 . 236 71 . 99 185 Projectiles 959 | . . . 17 . . . 617 . . . . . . . . . . . . 8 106 . 211 . . . . Explosions 58 | . . . 15 . . . . . . . . . . . . . . 14 . 4 . . 25 . . . . Melee 816 | . . . 58 . . . 91 39 . . . 56 113 64 . . 40 . . . . . . 71 . 99 185 Knockbacks 31 | . 3 1 2 . . . 5 . . . . . . . . . . 2 . . . . 9 1 . . 8 Impact 8 | . . . . . . . . . . . . . . . . . . . . . . . . 1 . . 7 Kinetic 22 | . 3 1 2 . . . 5 . . . . . . . . . . 2 . . . . 9 . . . . Secondary 1 | . . . . . . . . . . . . . . . . . . . . . . . . . . . 1 Self-Inflicted Damage 355 | . . . 72 24 . . . . . . . . . . . . . 76 12 49 24 . 98 . . . . Shots 14 | . . . 2 2 . . . . . . . . . . . . . 2 1 2 1 . 4 . . . . Rammed 8 | . . . . . . . . . . . . . . . . . 1 2 . . 1 . 4 . . . . Targets Rammed 8 | . . . . . . . . . . . . . . . . . 1 2 . . 1 . 4 . . . . Kicked . | . . . . . . . . . . . . . . . . . . . . . . . . . . . . Crushed . | . . . . . . . . . . . . . . . . . . . . . . . . . . . . Highest Temperature 467 | . 342 270 342 290 180 . . . . . . 199 . . . 227 . 336 199 429 255 200 467 104 205 133 61 Average Temperature 106 | . 69 120 99 155 78 . . . . . . 102 . . . 117 . 114 94 215 90 67 125 73 105 78 35 Received Heat Transfer 2708 | . 213 114 378 12 . . 135 . . . . 36 . 6 9 . 324 200 12 . 173 8 494 24 . . 570 Effects 9 | . 2 . 1 1 . . . . . . . . . . . . . 1 . 2 . . 2 . . . . Shutdowns 1 | . . . . . . . . . . . . . . . . . . . . 1 . . . . . . . Energy Bleed 2 | . . . 1 . . . . . . . . . . . . . . . . . . . 1 . . . . Interference 3 | . 1 . . 1 . . . . . . . . . . . . . . . . . . 1 . . . . Matter Decay 1 | . . . . . . . . . . . . . . . . . . . . 1 . . . . . . . Short Circuit 1 | . 1 . . . . . . . . . . . . . . . . . . . . . . . . . . Damage (minor) 1 | . . . . . . . . . . . . . . . . . . 1 . . . . . . . . . Siege Activations 11 | . . . . . . . . . . . . . . . . . . 2 1 . . 2 6 . . . . Total Turns 223 | . . . . . . . . . . . . . . . . . . 25 14 . . 67 117 . . . . Longest Duration 40 | . . . . . . . . . . . . . . . . . . 21 14 . . 40 35 . . . . Robots Corrupted 1 | . . . 1 . . . . . . . . . . . . . . . . . . . . . . . . Combat Hostiles . | . . . . . . . . . . . . . . . . . . . . . . . . . . . . Parts Fried 13 | . . . 5 1 . . . . . . . 1 2 . . . . . 2 . . . 1 . . . 1 Impact Corruptions 15 | . . . . . . . . . . . . 1 3 . . . . . . . . . . 3 . . 8 Robots Melted . | . . . . . . . . . . . . . . . . . . . . . . . . . . . . Combat Hostiles . | . . . . . . . . . . . . . . . . . . . . . . . . . . . . Parts Melted 7 | . . . 2 . . . . . . . . . . . . . . 1 . . 1 . . . . . 3 Heat Transferred 4926 | . 600 170 1337 285 . . . . . . . . . . . . . 1361 . . . . 1173 . . . . Parts Sabotaged . | . . . . . . . . . . . . . . . . . . . . . . . . . . . . Parts Stolen 10 | . . . . . . . . . . . . . . . 5 . . . . 3 . . . 1 1 . . Parts Stripped . | . . . . . . . . . . . . . . . . . . . . . . . . . . . . Power Chain Reactions 8 | . . . 3 2 . . . . . . . . . . . . . . . . . . 3 . . . . Missiles Intercepted . | . . . . . . . . . . . . . . . . . . . . . . . . . . . . Alert | -11 -10 -10 -9 -9 -9 -8 -8 -7 -7 -7 -7 -6 -6 -6 -6 -6 -5 -5 -5 -5 -5 -4 -4 -4 -4 -4 -3 ------- Run | Scr Mat Min Mat Min Exi Min Mat Fac Low Low Dat Pro Fac Low Low Zio Pro Fac Upp Upp War Pro Fac Upp Upp Zhi Pro Peak Influence 1321 | . 204 151 721 613 . . 575 319 . . . . 292 . . . . 677 . . . . 1321 . . . . Initial 280 | . . 26 . 280 . . . 67 . . . . 72 . . . . . . . . . . . . . . Average 205 | . 68 63 325 481 . . 169 144 . . . . 85 . . . . 211 . . . . 436 . . . . Maximum Alert Level 4 | . 1 . 3 2 . . 2 1 . . . . 1 . . . . 2 . . . . 4 . . . . Low Security (%) 68 | 100 94 100 46 . . 100 75 78 . . . . 92 . . . . 57 . . . . 57 . . . . Level 1 11 | . 5 . 11 11 . . 13 21 . . . . 7 . . . . 25 . . . . . . . . . Level 2 16 | . . . 41 88 . . 11 . . . . . . . . . . 16 . . . . 9 . . . . Level 3 1 | . . . 1 . . . . . . . . . . . . . . . . . . . 11 . . . . Level 4 1 | . . . . . . . . . . . . . . . . . . . . . . . 21 . . . . Level 5 . | . . . . . . . . . . . . . . . . . . . . . . . . . . . . High Security . | . . . . . . . . . . . . . . . . . . . . . . . . . . . . Max Security . | . . . . . . . . . . . . . . . . . . . . . . . . . . . . Squads Dispatched 37 | . 2 . 2 . . . 2 1 . . . . 8 . . . . 8 . . . . 14 . . . . Investigation 6 | . 2 . . . . . . 1 . . . . 1 . . . . 1 . . . . 1 . . . . Extermination 9 | . . . . . . . . . . . . . 4 . . . . 3 . . . . 2 . . . . Reinforcement 13 | . . . 2 . . . 2 . . . . . 3 . . . . 1 . . . . 5 . . . . Assault 1 | . . . . . . . . . . . . . . . . . . . . . . . 1 . . . . Garrison 8 | . . . . . . . . . . . . . . . . . . 3 . . . . 5 . . . . Intercept . | . . . . . . . . . . . . . . . . . . . . . . . . . . . . Searches Triggered . | . . . . . . . . . . . . . . . . . . . . . . . . . . . . Data Miner Redirects 1 | . . . . . . . . . . . . . . . . . . . . . . . 1 . . . . Construction Impeded 2 | . . . . . . . . . . . . . . . . . . . . . . . 2 . . . . Haulers Reinforced 2 | . . . . . . . . . . . . . . . . . . 1 . . . . 1 . . . . Active Scanning Responses . | . . . . . . . . . . . . . . . . . . . . . . . . . . . . Cargo Convoy Interrupts 1 | . . . . . . . . . . . . . . . . . . . . . . . 1 . . . . Stealth | -11 -10 -10 -9 -9 -9 -8 -8 -7 -7 -7 -7 -6 -6 -6 -6 -6 -5 -5 -5 -5 -5 -4 -4 -4 -4 -4 -3 --------- Run | Scr Mat Min Mat Min Exi Min Mat Fac Low Low Dat Pro Fac Low Low Zio Pro Fac Upp Upp War Pro Fac Upp Upp Zhi Pro Distress Signals 14 | . 1 . 4 . . . 1 . . . . . 2 . . . . 3 . . . . 3 . . . . Communications Jammed 1 | . . . . . . . . . . . . . . . . . . 1 . . . . . . . . . Distress Signals . | . . . . . . . . . . . . . . . . . . . . . . . . . . . . Times Spotted 360 | . 21 5 46 12 4 . 32 12 . 2 . 11 21 2 9 . 16 47 5 4 19 2 69 3 6 . 12 Peak Tracking Total 13 | . 4 2 5 4 9 . 8 5 . 4 . 4 4 2 5 . 7 5 2 4 13 1 11 2 2 . 5 Tactical Retreats 32 | . 1 2 5 1 3 . 2 2 . 1 . 1 3 1 1 . 3 4 . . . . 1 . . . 1 Traps | -11 -10 -10 -9 -9 -9 -8 -8 -7 -7 -7 -7 -6 -6 -6 -6 -6 -5 -5 -5 -5 -5 -4 -4 -4 -4 -4 -3 ------- Run | Scr Mat Min Mat Min Exi Min Mat Fac Low Low Dat Pro Fac Low Low Zio Pro Fac Upp Upp War Pro Fac Upp Upp Zhi Pro Traps Triggered 3 | . . . 1 . . . . 1 . . . . . . . . . . . . . . 1 . . . . Indirectly 1 | . . . . . . . . . . . . . . . . . . . . . . . 1 . . . . Trap Hack Attempts . | . . . . . . . . . . . . . . . . . . . . . . . . . . . . Triggered . | . . . . . . . . . . . . . . . . . . . . . . . . . . . . Disarmed . | . . . . . . . . . . . . . . . . . . . . . . . . . . . . Reprogrammed . | . . . . . . . . . . . . . . . . . . . . . . . . . . . . Reused . | . . . . . . . . . . . . . . . . . . . . . . . . . . . . Traps Extracted . | . . . . . . . . . . . . . . . . . . . . . . . . . . . . Installed . | . . . . . . . . . . . . . . . . . . . . . . . . . . . . Triggered 14 | . . . . 1 . . . . . . . 2 . . . . 1 . 2 . 8 . . . . . . Exploded 3 | . . . . . 3 . . . . . . . . . . . . . . . . . . . . . . Machines | -11 -10 -10 -9 -9 -9 -8 -8 -7 -7 -7 -7 -6 -6 -6 -6 -6 -5 -5 -5 -5 -5 -4 -4 -4 -4 -4 -3 ---------- Run | Scr Mat Min Mat Min Exi Min Mat Fac Low Low Dat Pro Fac Low Low Zio Pro Fac Upp Upp War Pro Fac Upp Upp Zhi Pro Machines Disabled 28 | . 1 . 2 . 2 . 1 . . . . . 1 . . . . 6 . 1 . . 14 . . . . Max in Single Turn 6 | . 1 . 1 . 1 . 1 . . . . . . . . . . 2 . 1 . . 6 . . . . Garrison Access 1 | . . . . . . . . . . . . . . . . . . . . . . . 1 . . . . Machines Sabotaged . | . . . . . . . . . . . . . . . . . . . . . . . . . . . . Garrisons Compromised . | . . . . . . . . . . . . . . . . . . . . . . . . . . . . Overloaded Fab Kills . | . . . . . . . . . . . . . . . . . . . . . . . . . . . . Hacking | -11 -10 -10 -9 -9 -9 -8 -8 -7 -7 -7 -7 -6 -6 -6 -6 -6 -5 -5 -5 -5 -5 -4 -4 -4 -4 -4 -3 --------- Run | Scr Mat Min Mat Min Exi Min Mat Fac Low Low Dat Pro Fac Low Low Zio Pro Fac Upp Upp War Pro Fac Upp Upp Zhi Pro Machines Accessed 93 | . 10 1 14 . 1 . 14 10 . 1 4 . 18 . . . 1 10 . 1 1 . 1 . . 6 . Terminals 44 | . 7 . 9 . . . 10 5 . . . . 11 . . . 1 1 . . . . . . . . . Fabricators 8 | . . . . . . . . 3 . . . . 2 . . . . 3 . . . . . . . . . Repair Stations 9 | . 1 . 2 . . . 1 . . . . . . . . . . 4 . . . . 1 . . . . Recycling Units 7 | . 2 . 1 . . . 1 . . . . . 3 . . . . . . . . . . . . . . Scanalyzers 10 | . . . 2 . . . 2 2 . . . . 2 . . . . 2 . . . . . . . . . Garrison Access . | . . . . . . . . . . . . . . . . . . . . . . . . . . . . Total Hacks 318 | . 29 1 44 . 1 . 57 33 . 1 30 . 64 . . . 4 32 . 1 1 . 1 . . 19 . Successful 215 | . 19 1 28 . 1 . 37 18 . 1 30 . 33 . . . 4 22 . 1 1 . . . . 19 . Failed 103 | . 10 . 16 . . . 20 15 . . . . 31 . . . . 10 . . . . 1 . . . . Catastrophic 12 | . 1 . 2 . . . 2 1 . . . . 4 . . . . 2 . . . . . . . . . Database Lockouts . | . . . . . . . . . . . . . . . . . . . . . . . . . . . . Manual 152 | . 15 . 19 . 1 . 27 21 . . . . 38 . . 1 . 18 . . 1 . 11 . . . . Terminals 154 | . 19 . 26 . . . 45 14 . . . . 45 . . . 4 1 . . . . . . . . . Fabricators 32 | . . . . . . . . 14 . . . . 4 . . . . 14 . . . . . . . . . Repair Stations 26 | . 6 . 6 . . . 3 . . . . . . . . . . 10 . . . . 1 . . . . Recycling Units 22 | . 4 . 4 . . . 3 . . . . . 11 . . . . . . . . . . . . . . Scanalyzers 30 | . . . 8 . . . 6 5 . . . . 4 . . . . 7 . . . . . . . . . Garrison Access . | . . . . . . . . . . . . . . . . . . . . . . . . . . . . Terminal Hacks 113 | . 6 1 6 . 1 . 23 4 . 1 30 . 15 . . . 4 1 . 1 1 . . . . 19 . Record 22 | . . . . . . . . . . . 11 . . . . . 4 . . . . . . . . 7 . Part Schematic 16 | . . . . . . . 1 . . . 10 . 1 . . . . . . . . . . . . 4 . Robot Schematic 6 | . . . . . . . . . . . 6 . . . . . . . . . . . . . . . . Robot Analysis 9 | . . . 1 . . . 4 . . . . . . . . . . . . . . . . . . 4 . Prototype ID Bank 15 | . 1 . 2 . . . 4 . . . 3 . 1 . . . . . . . . . . . . 4 . Open Door 4 | . . 1 . . . . . . . 1 . . . . . . . . . 1 1 . . . . . . Open DSF 2 | . . . . . . . . 1 . . . . . . . . . 1 . . . . . . . . . Branch Access Points 2 | . . . . . . . 1 . . . . . 1 . . . . . . . . . . . . . . Emergency Access Points 1 | . . . . . . . . . . . . . 1 . . . . . . . . . . . . . . Alert Level 3 | . . . . . . . 2 . . . . . 1 . . . . . . . . . . . . . . Unreport Threat 8 | . 1 . 1 . . . 3 . . . . . 3 . . . . . . . . . . . . . . Locate Traps 9 | . 3 . 1 . . . 3 2 . . . . . . . . . . . . . . . . . . . Dispatch Records 2 | . . . . . . . 1 1 . . . . . . . . . . . . . . . . . . . Security Status 1 | . . . . . . . 1 . . . . . . . . . . . . . . . . . . . . Patrol Status 2 | . . . . . . . 1 . . . . . 1 . . . . . . . . . . . . . . Recall Investigation 1 | . 1 . . . . . . . . . . . . . . . . . . . . . . . . . . Recall Extermination 1 | . . . . . . . . . . . . . 1 . . . . . . . . . . . . . . Recall Reinforcements 2 | . . . 1 . . . 1 . . . . . . . . . . . . . . . . . . . . Hauler Manifests 1 | . . . . . . . . . . . . . 1 . . . . . . . . . . . . . . Registered Components 1 | . . . . . . . . . . . . . 1 . . . . . . . . . . . . . . Registered Prototypes 1 | . . . . . . . . . . . . . 1 . . . . . . . . . . . . . . Zone Layout 3 | . . . . . . . 1 . . . . . 2 . . . . . . . . . . . . . . EX-Prototype ID Bank 1 | . . . . . 1 . . . . . . . . . . . . . . . . . . . . . . Fabricator Hacks 8 | . . . . . . . . . . . . . . . . . . 8 . . . . . . . . . Load Schematic 6 | . . . . . . . . . . . . . . . . . . 6 . . . . . . . . . Build 2 | . . . . . . . . . . . . . . . . . . 2 . . . . . . . . . Repair Station Hacks 20 | . 6 . 6 . . . 2 . . . . . . . . . . 6 . . . . . . . . . Scan Component 10 | . 3 . 3 . . . 1 . . . . . . . . . . 3 . . . . . . . . . Repair 9 | . 3 . 3 . . . 1 . . . . . . . . . . 2 . . . . . . . . . Refit 1 | . . . . . . . . . . . . . . . . . . 1 . . . . . . . . . Recycling Unit Hacks . | . . . . . . . . . . . . . . . . . . . . . . . . . . . . Scanalyzer 27 | . . . 7 . . . 5 4 . . . . 4 . . . . 7 . . . . . . . . . Insert Component 16 | . . . 5 . . . 3 2 . . . . 2 . . . . 4 . . . . . . . . . Analyze 11 | . . . 2 . . . 2 2 . . . . 2 . . . . 3 . . . . . . . . . Garrison Access Hacks . | . . . . . . . . . . . . . . . . . . . . . . . . . . . . Unauthorized Hacks 47 | . 7 . 9 . . . 7 10 . . . . 14 . . . . . . . . . . . . . . Terminals 24 | . 3 . 6 . . . 5 3 . . . . 7 . . . . . . . . . . . . . . Track 1 | . . . . . . . . 1 . . . . . . . . . . . . . . . . . . . Assimilate 1 | . . . . . . . . . . . . . 1 . . . . . . . . . . . . . . Botnet 16 | . 2 . 4 . . . 4 1 . . . . 5 . . . . . . . . . . . . . . Operators 6 | . 1 . 2 . . . 1 1 . . . . 1 . . . . . . . . . . . . . . Fabricators 8 | . . . . . . . . 7 . . . . 1 . . . . . . . . . . . . . . Report 1 | . . . . . . . . 1 . . . . . . . . . . . . . . . . . . . Prioritize 1 | . . . . . . . . 1 . . . . . . . . . . . . . . . . . . . Liberate 2 | . . . . . . . . 2 . . . . . . . . . . . . . . . . . . . Fabnet 3 | . . . . . . . . 2 . . . . 1 . . . . . . . . . . . . . . Haulers 1 | . . . . . . . . 1 . . . . . . . . . . . . . . . . . . . Repair Stations . | . . . . . . . . . . . . . . . . . . . . . . . . . . . . Recycling Units 15 | . 4 . 3 . . . 2 . . . . . 6 . . . . . . . . . . . . . . Monitor 4 | . 1 . 1 . . . 1 . . . . . 1 . . . . . . . . . . . . . . Reject 2 | . . . . . . . . . . . . . 2 . . . . . . . . . . . . . . Recyclers 4 | . 1 . 1 . . . 1 . . . . . 1 . . . . . . . . . . . . . . Mask 3 | . . . 1 . . . . . . . . . 2 . . . . . . . . . . . . . . Tunnel 2 | . 2 . . . . . . . . . . . . . . . . . . . . . . . . . . Scanalyzers . | . . . . . . . . . . . . . . . . . . . . . . . . . . . . Garrison Access . | . . . . . . . . . . . . . . . . . . . . . . . . . . . . Data Cores Recovered 2 | . . . . . . . 2 . . . . . . . . . . . . . . . . . . . . Used 1 | . . . . . . . 1 . . . . . . . . . . . . . . . . . . . . Hacking Detections 63 | . 7 . 11 . . . 12 9 . . . . 15 . . . 1 7 . . . . 1 . . . . Full Trace Events 3 | . . . . . . . . 1 . . . . 1 . . . . 1 . . . . . . . . . Feedback Events . | . . . . . . . . . . . . . . . . . . . . . . . . . . . . Feedback Blocked . | . . . . . . . . . . . . . . . . . . . . . . . . . . . . Robot Schematics Acquired 6 | . . . . . . . . . . . 6 . . . . . . . . . . . . . . . . Robots Built 2 | . . . . . . . . . . . . . . . . . . 2 . . . . . . . . . Authchips 1 | . . . . . . . . . . . . . . . . . . 1 . . . . . . . . . Time 76 | . . . . . . . . . . . . . . . . . . 76 . . . . . . . . . Total Robot Build Rating 10 | . . . . . . . . . . . . . . . . . . 10 . . . . . . . . . Part Schematics Acquired 39 | . . . 2 . . . 3 2 . . 10 . 3 . . . . 15 . . . . . . . 4 . Parts Built 1 | . . . . . . . . . . . . . . . . . . 1 . . . . . . . . . Authchips . | . . . . . . . . . . . . . . . . . . . . . . . . . . . . Time 50 | . . . . . . . . . . . . . . . . . . 50 . . . . . . . . . Total Part Build Rating 5 | . . . . . . . . . . . . . . . . . . 5 . . . . . . . . . Parts Repaired 8 | . 3 . 2 . . . 1 . . . . . . . . . . 2 . . . . . . . . . Time 370 | . 88 . 200 . . . 38 . . . . . . . . . . 44 . . . . . . . . . Parts Recycled . | . . . . . . . . . . . . . . . . . . . . . . . . . . . . Recycled Matter . | . . . . . . . . . . . . . . . . . . . . . . . . . . . . Retrieved Matter . | . . . . . . . . . . . . . . . . . . . . . . . . . . . . Retrieved Components . | . . . . . . . . . . . . . . . . . . . . . . . . . . . . Parts Scanalyzed 12 | . . . 3 . . . 2 2 . . . . 2 . . . . 3 . . . . . . . . . Part Schematics Acquired 11 | . . . 2 . . . 2 2 . . . . 2 . . . . 3 . . . . . . . . . Parts Damaged 1 | . . . . . . . . . . . . . 1 . . . . . . . . . . . . . . Bothacking | -11 -10 -10 -9 -9 -9 -8 -8 -7 -7 -7 -7 -6 -6 -6 -6 -6 -5 -5 -5 -5 -5 -4 -4 -4 -4 -4 -3 ------------ Run | Scr Mat Min Mat Min Exi Min Mat Fac Low Low Dat Pro Fac Low Low Zio Pro Fac Upp Upp War Pro Fac Upp Upp Zhi Pro Used RIF Installer . | . . . . . . . . . . . . . . . . . . . . . . . . . . . . Robots Hacked 15 | . . . . . . . . . . . . 3 1 2 . . 1 4 2 . 1 . 1 . . . . Non-combat . | . . . . . . . . . . . . . . . . . . . . . . . . . . . . Combat 15 | . . . . . . . . . . . . 3 1 2 . . 1 4 2 . 1 . 1 . . . . Robot Hacks Applied . | . . . . . . . . . . . . . . . . . . . . . . . . . . . . Relay Couplers Released 1 | . . . . . . . . . . . . . . . . . . . . . . . 1 . . . . Machine Destruction 1 | . . . . . . . . . . . . . . . . . . . . . . . 1 . . . . Fabnet Peak Effective % 6 | . . . . . . . . . . . . 6 6 6 6 6 5 5 5 5 5 1 1 1 1 1 . Autooverrided 15 | . . . . . . . . . . . . 3 1 2 . . 1 4 2 . 1 . 1 . . . . Robots Rewired . | . . . . . . . . . . . . . . . . . . . . . . . . . . . . Allies Hacked 1 | . . . . . . . . . . . . . . . . . . . . . 1 . . . . . . Hacks Repelled . | . . . . . . . . . . . . . . . . . . . . . . . . . . . . Allies | -11 -10 -10 -9 -9 -9 -8 -8 -7 -7 -7 -7 -6 -6 -6 -6 -6 -5 -5 -5 -5 -5 -4 -4 -4 -4 -4 -3 -------- Run | Scr Mat Min Mat Min Exi Min Mat Fac Low Low Dat Pro Fac Low Low Zio Pro Fac Upp Upp War Pro Fac Upp Upp Zhi Pro Total Allies 33 | . . . . . . . . . . . . 4 2 2 . 4 1 11 2 . 1 . 6 . . . . Largest Group 5 | . . . . . . . . . . . . 2 1 1 . 4 5 4 1 . 1 . 3 3 2 1 1 Highest-Rated Group 247 | . . . . . . . . . . . . 108 96 47 . 155 205 247 41 . 46 . 243 243 155 59 59 Highest-Rated Ally 103 | . . . . . . . . . . . . 96 96 47 . 41 54 70 41 . 46 . 103 81 81 59 59 Zionite Dispatches 6 | . . . . . . . . . . . . . . . . . . 4 . . . . 2 . . . . Heavy 1 | . . . . . . . . . . . . . . . . . . . . . . . 1 . . . . Light 1 | . . . . . . . . . . . . . . . . . . 1 . . . . . . . . . Recon 1 | . . . . . . . . . . . . . . . . . . 1 . . . . . . . . . Hacker 1 | . . . . . . . . . . . . . . . . . . . . . . . 1 . . . . Infowar Resupply 1 | . . . . . . . . . . . . . . . . . . 1 . . . . . . . . . Hacking Resupply 1 | . . . . . . . . . . . . . . . . . . 1 . . . . . . . . . Total Orders 20 | . . . . . . . . . . . . . 3 . . . . 7 2 4 . 3 1 . . . . STAY 3 | . . . . . . . . . . . . . 2 . . . . 1 . . . . . . . . . ROAM 1 | . . . . . . . . . . . . . . . . . . 1 . . . . . . . . . FOLLOW 2 | . . . . . . . . . . . . . 1 . . . . 1 . . . . . . . . . DROP 2 | . . . . . . . . . . . . . . . . . . 2 . . . . . . . . . PICKUP 1 | . . . . . . . . . . . . . . . . . . 1 . . . . . . . . . EXPLORE 8 | . . . . . . . . . . . . . . . . . . . 2 3 . 2 1 . . . . RETURN 3 | . . . . . . . . . . . . . . . . . . 1 . 1 . 1 . . . . . Ally Attacks 194 | . . . . . 9 . . . . . . 18 8 4 . . 28 65 4 . . . 22 18 17 . 1 Total Damage 6198 | . . . . . 29 . . . . . . 448 423 116 . . 538 1432 57 . . . 1871 852 432 . . Kills 48 | . . . . . . . . . . . . 5 1 1 . . 6 17 1 . . . 9 3 5 . . Allies Corrupted 2 | . . . . . . . . . . . . . . . . . . . . . . . 2 . . . . Allies Melted . | . . . . . . . . . . . . . . . . . . . . . . . . . . . . Intel | -11 -10 -10 -9 -9 -9 -8 -8 -7 -7 -7 -7 -6 -6 -6 -6 -6 -5 -5 -5 -5 -5 -4 -4 -4 -4 -4 -3 ------- Run | Scr Mat Min Mat Min Exi Min Mat Fac Low Low Dat Pro Fac Low Low Zio Pro Fac Upp Upp War Pro Fac Upp Upp Zhi Pro Robot Analysis Total 9 | . . . 1 . . . 4 . . . . . . . . . . . . . . . . . . 4 . Derelict Logs Recovered 14 | . . 1 . . . . . . 1 1 . 1 . 1 1 1 2 . 2 1 . . . . 2 . . Drone Launches 21 | . . . . . 11 . . . . . . . . . . . . 1 2 3 . 3 1 . . . . Drone Recoveries 13 | . . . . . 7 . . . . . . . . . . . . 1 1 3 . 1 . . . . . Decoded 0b10 Intel 16 | . . . . . . . . . . . . . . . . . . . . . . . 16 . . . . Traps 11 | . . . . . . . . . . . . . . . . . . . . . . . 11 . . . . Emergency Access 5 | . . . . . . . . . . . . . . . . . . . . . . . 5 . . . . Zionite Intel Received 3 | . . . . . . . . . . . . . . . . . . 2 . . . . 1 . . . . Branch Access 1 | . . . . . . . . . . . . . . . . . . . . . . . 1 . . . . Prototype Schematics 1 | . . . . . . . . . . . . . . . . . . 1 . . . . . . . . . Unaware Analyses 1 | . . . . . . . . . . . . . . . . . . 1 . . . . . . . . . Exploration | -11 -10 -10 -9 -9 -9 -8 -8 -7 -7 -7 -7 -6 -6 -6 -6 -6 -5 -5 -5 -5 -5 -4 -4 -4 -4 -4 -3 ------------- Run | Scr Mat Min Mat Min Exi Min Mat Fac Low Low Dat Pro Fac Low Low Zio Pro Fac Upp Upp War Pro Fac Upp Upp Zhi Pro Turns Passed 21962 | 82 1563 654 2320 446 2955 303 1257 482 147 176 39 523 1352 353 342 1289 1032 2093 545 500 685 487 909 203 531 285 409 Spaces Moved 15609 | 47 769 335 1161 251 1146 95 1014 834 288 348 78 861 1993 558 400 1153 662 942 305 285 397 190 442 285 363 139 268 Core 242 | 6 . . . . . . . . . . . . . . 1 . 3 1 . . . . 57 174 . . . Treads 5917 | 41 769 335 1161 251 1146 95 . . . . . . . . . . 2 555 305 285 397 190 385 . . . . Legs 1405 | . . . . . . . . . . . . . . . . . 238 386 . . . . . 11 363 139 268 Wheels . | . . . . . . . . . . . . . . . . . . . . . . . . . . . . Hover 100 | . . . . . . . . . . . . . . . . . . . . . . . . 100 . . . Flight 7945 | . . . . . . . 1014 834 288 348 78 861 1993 558 399 1153 419 . . . . . . . . . . Fastest Speed 50 | 50 160 160 160 160 160 320 50 50 50 50 50 50 50 50 50 105 105 120 160 160 160 160 50 50 120 120 120 Average Speed 118 | 145 160 160 160 160 242 320 103 50 50 50 50 50 50 50 75 105 136 175 160 160 160 160 145 56 140 163 120 Slowest Speed 700 | 160 160 160 240 160 320 320 150 50 50 50 50 50 50 50 700 105 550 450 160 160 160 160 160 120 190 190 120 Overloaded Moves . | . . . . . . . . . . . . . . . . . . . . . . . . . . . . Propulsion Burnouts . | . . . . . . . . . . . . . . . . . . . . . . . . . . . . Robots Hopped 35 | . . . . . . . 14 5 . . . . 16 . . . . . . . . . . . . . . Cave-ins Triggered 1 | . . . . . . . . . . . . . . . . . . . . . . . 1 . . . . Teleports 1 | . . . . . . . . . . . . . . . . . . . . . . . . . . 1 . Exploration Rate (%) 60 | 3 96 53 94 61 68 33 87 29 51 59 69 86 60 73 61 92 76 33 75 94 71 48 17 52 46 62 37 Regions Visited 27 Branch Regions 20 Pre-discovered Areas 9 | . 2 . . . . . . . . . 1 . . . . 1 1 . . . . . . . 1 3 . Known Exits Taken 16 | . . . . . . . . 1 1 1 1 1 1 1 1 1 1 1 . . . 1 1 1 1 1 . Unknown Exits Taken 11 | 1 1 1 1 1 1 1 1 . . . . . . . . . . . 1 1 1 . . . . . . Scrap Searched 33 | . . . . 1 . 1 . . 1 1 . 3 . 6 1 3 2 . 3 3 . 2 . 3 2 . 1 Spaces Dug 58 | . . . 3 . . . 5 7 . . . 1 13 1 2 . . 12 . . . . 14 . . . . Terrain Destroyed 393 | . . . 53 11 . . 14 7 . . . 1 13 1 2 . . 96 9 22 11 11 142 . . . . Melee 32 | . . . 3 . . . 5 7 . . . 1 13 1 2 . . . . . . . . . . . . Projectile 215 | . . . . . . . 9 . . . . . . . . . . 77 9 22 11 11 76 . . . . AOE 146 | . . . 50 11 . . . . . . . . . . . . . 19 . . . . 66 . . . . Terrain Rammed . | . . . . . . . . . . . . . . . . . . . . . . . . . . . . Walls Destroyed . | . . . . . . . . . . . . . . . . . . . . . . . . . . . . Machines Disabled . | . . . . . . . . . . . . . . . . . . . . . . . . . . . . Actions | -11 -10 -10 -9 -9 -9 -8 -8 -7 -7 -7 -7 -6 -6 -6 -6 -6 -5 -5 -5 -5 -5 -4 -4 -4 -4 -4 -3 --------- Run | Scr Mat Min Mat Min Exi Min Mat Fac Low Low Dat Pro Fac Low Low Zio Pro Fac Upp Upp War Pro Fac Upp Upp Zhi Pro Total 18144 | 57 1020 435 1488 270 1259 95 1175 871 290 350 77 943 2285 625 426 1232 752 1257 342 307 439 361 591 319 382 185 311 Wait 1375 | . 151 81 170 3 12 . 93 7 . . . 65 218 59 3 70 59 102 14 4 8 163 44 18 2 16 13 Move 15516 | 46 768 334 1160 250 1145 94 988 823 287 347 77 860 1961 557 399 1152 661 941 304 284 396 189 441 284 362 138 268 Hop 31 | . . . . . . . 11 5 . . . . 15 . . . . . . . . . . . . . . Pick Up 193 | 4 23 4 23 1 23 . 15 4 1 1 . 2 14 . 4 2 3 32 3 2 5 1 7 3 9 4 3 Fast Attach 115 | 6 5 . 9 . 8 1 6 2 . . . . 3 . 6 1 5 27 2 4 7 . 2 8 3 9 1 Attach 63 | . 2 2 5 1 4 . 3 2 . . . . 2 . 1 . 1 18 1 . 1 . 13 2 2 3 . Detach 16 | . 1 . 1 . 2 . 1 . . . . . 1 . . . . 7 . . 1 . . . . 2 . Swap 75 | 1 5 . 14 . 2 . 3 3 1 1 . 1 7 5 2 3 . 11 2 2 1 1 8 . 1 1 . Drop 206 | . 16 4 26 1 29 . 19 4 1 1 . 3 17 1 2 4 2 43 6 3 13 1 4 . 2 4 . Fire 353 | . 49 10 71 14 34 . . 10 . . . . . . . . . 67 10 8 6 6 68 . . . . Melee 193 | . . . 9 . . . 36 11 . . . 12 47 3 9 . 20 7 . . . . . 4 1 8 26 Ram 5 | . . . . . . . . . . . . . . . . . 1 . . . . . 4 . . . . Kick . | . . . . . . . . . . . . . . . . . . . . . . . . . . . . Crush 3 | . . . . . . . . . . . . . . . . . . 2 . . 1 . . . . . . Escape Stasis . | . . . . . . . . . . . . . . . . . . . . . . . . . . . . Rewire . | . . . . . . . . . . . . . . . . . . . . . . . . . . . . Trap . | . . . . . . . . . . . . . . . . . . . . . . . . . . . . Miscellaneous . | . . . . . . . . . . . . . . . . . . . . . . . . . . . . Route ------- -11/Scrapyard -10/Materials (discovered 3 exits: *Mat x2 / *Min) -10/Mines -9/Materials (discovered 4 exits: *Mat x2 / [*Min] / [*Sto]) -9/Mines -9/Exiles -8/Mines -8/Materials -7/Factory (discovered 2 exits: *Fac / *Low) -7/Lower Caves -7/Lower Caves (discovered 2 exits: *Fac / *Dat) -7/Data Miner -6/Proximity Caves -6/Factory (discovered 8 exits: *Fac x4 / *Low x2 / Ext x2) -6/Lower Caves -6/Lower Caves -6/Zion -5/Proximity Caves -5/Factory (discovered 4 exits: Fac x2 / *Upp x2) -5/Upper Caves -5/Upper Caves (discovered 2 exits: *Fac / *War) -5/Warlord -4/Proximity Caves -4/Factory (discovered 3 exits: Res / *Upp x2) -4/Upper Caves -4/Upper Caves -4/Zhirov -3/Proximity Caves History --------- Turn | Location | Event 6 | -11/Scrapyard | Discovered new exit (range 14) 83 | -11/Scrapyard | Entered Materials 197 | -10/Materials | Discovered new exit (range 16) 304 | -10/Materials | Discovered new exit (range 12) 318 | -10/Materials | Build established: Mutant 913 | -10/Materials | Discovered new exit (range 6) 1375 | -10/Materials | Repaired Lgt. Treads 1403 | -10/Materials | Repaired Lgt. Treads 1444 | -10/Materials | Repaired Broken Ion Engine 1646 | -10/Materials | Entered Mines 1704 | -10/Mines | Core integrity fell below 50% 1765 | -10/Mines | A weapon hastily lodged in a ceiling crevice suddenly fell to the ground 1874 | -10/Mines | Found a damaged Exp. Sensor Array with a note attached 1879 | -10/Mines | Found Prototype Device 1880 | -10/Mines | Discovered new exit (range 4) 1887 | -10/Mines | Received a Rocket Launcher from a helpful Derelict 2184 | -10/Mines | Found the Drone Emporium 2184 | -10/Mines | Learned 2 Materials zone layouts 2191 | -10/Mines | Found Prototype Device 2300 | -10/Mines | Entered Materials 2300 | -9/Materials | Evolved 2 slots: Utility x1, Weapon x1 2938 | -9/Materials | Discovered new exit (range 9) 3003 | -9/Materials | Identified Exp. Sensor Array 3052 | -9/Materials | Discovered new exit (range 14) 3130 | -9/Materials | Discovered new exit (range 13) 3252 | -9/Materials | Build established: Gunner 3294 | -9/Materials | Identified Splice Drone Bay 3646 | -9/Materials | Build established: Mutant 4078 | -9/Materials | Repaired Lgt. Treads 4117 | -9/Materials | Repaired Lgt. Deuterium Engine 4381 | -9/Materials | Discovered new exit (range 16) 4609 | -9/Materials | Build established: Gunner 4620 | -9/Materials | Entered Mines 4621 | -9/Mines | Assembled infested the area 5030 | -9/Mines | Build established: Mutant 5059 | -9/Mines | Deemed a non-threat by the Exiles lab entrance 5059 | -9/Mines | Discovered new exit (range 5) 5066 | -9/Mines | Entered Exiles 5106 | -9/Exiles | Met 8R-AWN 5134 | -9/Exiles | Met EX-HEX 5180 | -9/Exiles | Met EX-BIN 5199 | -9/Exiles | Aligned with FarCom system 5201 | -9/Exiles | Given EX-Vault access code 5238 | -9/Exiles | Opened EX-Vault 5250 | -9/Exiles | Found AWS/Autocannon 5319 | -9/Exiles | Warned to stay clear of 0b10 Research branches 5409 | -9/Exiles | Met EX-DEC 5556 | -9/Exiles | Build established: Gunner 6463 | -9/Exiles | Build established: Mutant 6561 | -9/Exiles | Attacked by the Exiles 6672 | -9/Exiles | Core integrity fell below 50% 6737 | -9/Exiles | Destroyed 8R-AWN 6741 | -9/Exiles | Lost 5 parts (2n2u1w) 6758 | -9/Exiles | Found Prototype Ballistic Gun 6758 | -9/Exiles | Identified 8R-AWN's Boregun 7151 | -9/Exiles | Found Skeleton Box 7158 | -9/Exiles | Build established: Gunner 7710 | -9/Exiles | Found Flying Fortress v7 7986 | -9/Exiles | Discovered new exit (range 14) 8021 | -9/Exiles | Stole three prototypes: AWS/Autocannon, Flying Fortress v7, Skeleton Box 8021 | -9/Exiles | Entered Mines 8269 | -8/Mines | Discovered new exit (range 7) 8324 | -8/Mines | Entered Materials 8324 | -8/Materials | Evolved 2 slots: Propulsion x2 8623 | -8/Materials | Destroyed 7 combat bots 8962 | -8/Materials | Repaired Broken Imp. VTOL Module 9322 | -8/Materials | Discovered new exit (range 14) 9538 | -8/Materials | Build established: Mutant 9581 | -8/Materials | Entered Factory 9581 | -7/Factory | Evolved 2 slots: Utility x2 9774 | -7/Factory | Discovered new exit (range 9) 9830 | -7/Factory | Identified exit to Factory 9887 | -7/Factory | Build established: Hacker-Mutant 10051 | -7/Factory | Discovered new exit (range 7) 10058 | -7/Factory | Identified exit to Lower Caves 10063 | -7/Factory | Entered Lower Caves 10095 | -7/Lower Caves | Learned Factory trap positions 10171 | -7/Lower Caves | Discovered new exit (range 13) 10180 | -7/Lower Caves | Identified exit to Lower Caves 10210 | -7/Lower Caves | Entered another Lower Caves area 10228 | -7/Lower Caves | Discovered exit to Factory (range 5) 10353 | -7/Lower Caves | Discovered new exit (range 11) 10357 | -7/Lower Caves | Identified exit to Data Miner 10366 | -7/Lower Caves | Learned 4 Factory zone layouts 10386 | -7/Lower Caves | Entered Data Miner 10386 | -7/Data Miner | Discovered new exit (range 6) 10389 | -7/Data Miner | Identified exit to Proximity Caves 10396 | -7/Data Miner | Met Data Miner 10405 | -7/Data Miner | Learned location of Section 7 (-2) 10405 | -7/Data Miner | Acquired the access code to Warlord's prototype stash 10414 | -7/Data Miner | Received God Mode back door access code from Data Miner 10425 | -7/Data Miner | Entered Proximity Caves 10840 | -6/Proximity Caves | Escorted by Enhanced Grunt 10897 | -6/Proximity Caves | Discovered exit to Factory (range 15) 10948 | -6/Proximity Caves | Entered Factory 10948 | -6/Factory | Accompanied by 1 ally 10948 | -6/Factory | Evolved 2 slots: Utility x2 10949 | -6/Factory | Identified exit to Factory 10949 | -6/Factory | Identified exit to Lower Caves 10950 | -6/Factory | Loaded intel: 86 trap records 11081 | -6/Factory | Discovered exit to Factory (range 20) 11173 | -6/Factory | Discovered exit to Factory (range 6) 11234 | -6/Factory | Build established: Hacker-Scout 11581 | -6/Factory | Discovered exit to Factory (range 19) 11743 | -6/Factory | Identified exit to Extension 11931 | -6/Factory | P-60 Hacker assimilated allied Administrator 5a 12300 | -6/Factory | Entered Lower Caves 12505 | -6/Lower Caves | Attracted the attention of an 0b10 checkpoint 12555 | -6/Lower Caves | Encountered a Warlord checkpoint 12648 | -6/Lower Caves | Discovered new exit (range 6) 12650 | -6/Lower Caves | Identified exit to Lower Caves 12653 | -6/Lower Caves | Entered another Lower Caves area 12703 | -6/Lower Caves | Encountered a Warlord checkpoint 12791 | -6/Lower Caves | Spotted WH-T9S(f) 12792 | -6/Lower Caves | Encountered a Master Thief 12792 | -6/Lower Caves | Spotted 0Q-DFC(f) 12792 | -6/Lower Caves | Spotted MR-B8Y(f) 12793 | -6/Lower Caves | Encountered a Master Thief 12793 | -6/Lower Caves | Encountered a Master Thief 12793 | -6/Lower Caves | Spotted 9J-UFZ(f) 12793 | -6/Lower Caves | Spotted Y4-IWF(f) 12794 | -6/Lower Caves | Encountered a Master Thief 12794 | -6/Lower Caves | Encountered a Master Thief 12794 | -6/Lower Caves | Flying Fortress v7 stolen by Master Thief 12801 | -6/Lower Caves | AWS/Autocannon stolen by Master Thief 12803 | -6/Lower Caves | Skeleton Box stolen by Master Thief 12803 | -6/Lower Caves | Destroyed 0Q-DFC(f) 12803 | -6/Lower Caves | 8R-AWN's Boregun stolen by Master Thief 12810 | -6/Lower Caves | Cld. VTOL Module stolen by Master Thief 12907 | -6/Lower Caves | Found Alien Artifact 12907 | -6/Lower Caves | Identified Core Expander 12907 | -6/Lower Caves | Installed Core Expander, added new Power slot 12932 | -6/Lower Caves | Discovered new exit (range 18) 12982 | -6/Lower Caves | Identified exit to Zion 12995 | -6/Lower Caves | Entered Zion 13035 | -6/Zion | Discovered new exit (range 13) 13073 | -6/Zion | System corruption cleaned by Quarantine Array 13101 | -6/Zion | Build established: Hacker-Assassin 13107 | -6/Zion | Learned Factory emergency access door positions 13137 | -6/Zion | Learned Factory security intel 13172 | -6/Zion | Learned location of Warlord (-5) 13378 | -6/Zion | Received a hallucinogenic algorithm 13552 | -6/Zion | Acquired unknown access codes intercepted by a Zionite 13714 | -6/Zion | Given the Hacking Drone Bay 13715 | -6/Zion | Found Prototype Device 13854 | -6/Zion | Identified exit to Proximity Caves 14025 | -6/Zion | Imprinted 14027 | -6/Zion | Declared Zion's savior 14128 | -6/Zion | Build established: Derelict-Assassin 14284 | -6/Zion | Entered Proximity Caves 14284 | -5/Proximity Caves | Accompanied by 4 allies 14341 | -5/Proximity Caves | Learned Factory interactive machine intel 14682 | -5/Proximity Caves | Learned 4 Factory zone layouts 14745 | -5/Proximity Caves | Learned 8 Factory zone layouts 14746 | -5/Proximity Caves | Attracted the attention of an 0b10 base 14827 | -5/Proximity Caves | Lost 6 parts (1p3n2u) 14889 | -5/Proximity Caves | Lost 4 parts (1n1u2w) 15095 | -5/Proximity Caves | Build established: Mutant 15250 | -5/Proximity Caves | Discovered exit to Factory (range 17) 15252 | -5/Proximity Caves | Spotted B-75 Beast 15316 | -5/Proximity Caves | Entered Factory 15316 | -5/Factory | Evolved 2 slots: Utility x1, Weapon x1 15317 | -5/Factory | Identified exit to Upper Caves 15318 | -5/Factory | Identified exit to Factory 15320 | -5/Factory | Identified exit to DSF 15321 | -5/Factory | Loaded intel: 52 interactive machine locations 15436 | -5/Factory | Identified Hacking Drone Bay 15566 | -5/Factory | Fabricated H-66 Slayer (x2) 15579 | -5/Factory | Lost 5 parts (1p2n1u1w) 15590 | -5/Factory | Zion Hacking Resupply teleported in 15719 | -5/Factory | Fabricated Cld. Aerolev Unit (x1) 15885 | -5/Factory | Build established: Hacker-Mutant 16373 | -5/Factory | Zion Light squad teleported in 16478 | -5/Factory | Repaired Med. Treads 16507 | -5/Factory | Retrieved Zion intel report: Prototype Schematics 16538 | -5/Factory | Retrieved Zion intel report: Unaware Analyses 16539 | -5/Factory | Zion Recon squad teleported in 16615 | -5/Factory | Zion Infowar Resupply teleported in 16627 | -5/Factory | Terminal network hard line cut 16915 | -5/Factory | Repaired Imp. Deuterium Engine 16993 | -5/Factory | Garrison activated, responded to threat 17409 | -5/Factory | Entered Upper Caves 17605 | -5/Upper Caves | Attracted the attention of an 0b10 checkpoint 17796 | -5/Upper Caves | Learned Factory interactive machine intel 17873 | -5/Upper Caves | Learned Factory stockpile data 17911 | -5/Upper Caves | Build established: Tank 17939 | -5/Upper Caves | Discovered new exit (range 8) 17954 | -5/Upper Caves | Entered another Upper Caves area 17996 | -5/Upper Caves | Encountered a Warlord checkpoint 18020 | -5/Upper Caves | Discovered exit to Factory (range 37) 18095 | -5/Upper Caves | Discovered new exit (range 56) 18213 | -5/Upper Caves | Learned location of 1 exit from Factory 18235 | -5/Upper Caves | Spotted TN-I67(f) 18236 | -5/Upper Caves | Spotted Z4-WEL(f) 18236 | -5/Upper Caves | Spotted LG-NUG(f) 18237 | -5/Upper Caves | Encountered a Master Thief 18237 | -5/Upper Caves | Encountered a Master Thief 18237 | -5/Upper Caves | Encountered a Master Thief 18237 | -5/Upper Caves | Spotted CJ-4RR(f) 18238 | -5/Upper Caves | Encountered a Master Thief 18239 | -5/Upper Caves | Skeleton Box stolen by Master Thief 18242 | -5/Upper Caves | Zio. Light DM Reactor stolen by Master Thief 18243 | -5/Upper Caves | Destroyed TN-I67(f) 18257 | -5/Upper Caves | Imp. Force Field stolen by Master Thief 18454 | -5/Upper Caves | Entered Warlord 18509 | -5/Warlord | System corruption cleaned by Quarantine Array 18659 | -5/Warlord | Visited the Vortex Lab 18671 | -5/Warlord | Warlord's base attacked by MAIN.C 18673 | -5/Warlord | Found Prototype Energy Cannon 18673 | -5/Warlord | Identified Vortex Driver 18678 | -5/Warlord | Found Vortex Driver 18827 | -5/Warlord | Rebuked by Warlord 18847 | -5/Warlord | Opened Warlord's prototype stash 18852 | -5/Warlord | Found Prototype Reactor 18852 | -5/Warlord | Identified Vortex Chain Reactor 18864 | -5/Warlord | Found Prototype Processor 18864 | -5/Warlord | Identified Exp. Core Analyzer 18868 | -5/Warlord | Found Prototype Device 18868 | -5/Warlord | Identified System Purifier 19007 | -5/Warlord | Spotted B-86 Titan 19009 | -5/Warlord | Spotted B-75 Beast 19009 | -5/Warlord | Spotted Striker 19011 | -5/Warlord | Spotted Striker 19021 | -5/Warlord | Warlord forces counterattacked 19071 | -5/Warlord | Spotted Striker 19078 | -5/Warlord | Spotted Striker 19087 | -5/Warlord | Destroyed Striker 19122 | -5/Warlord | Discovered new exit (range 12) 19139 | -5/Warlord | Entered Proximity Caves 19337 | -4/Proximity Caves | Received a Behemoth hack from an annoying Tinkerer 19339 | -4/Proximity Caves | Build established: Mutant 19341 | -4/Proximity Caves | Attracted the attention of an 0b10 checkpoint 19520 | -4/Proximity Caves | Discovered exit to Factory (range 16) 19626 | -4/Proximity Caves | Entered Factory 19626 | -4/Factory | Evolved 2 slots: Utility x2 19627 | -4/Factory | Identified exit to Research 19629 | -4/Factory | Loaded intel: 52 interactive machine locations 19744 | -4/Factory | Zion Heavy squad teleported in 19843 | -4/Factory | Retrieved Zion intel report: Branch Access 19843 | -4/Factory | Identified exit to Upper Caves 19977 | -4/Factory | Build established: Derelict-Mutant 19981 | -4/Factory | Found Prototype Protection 19981 | -4/Factory | Identified Zio. Weapon Casing 19981 | -4/Factory | Garrison activated, responded to threat 20196 | -4/Factory | Destroyed 9 combat bots 20230 | -4/Factory | Spotted B-86 Titan 20235 | -4/Factory | Destroyed B-86 Titan 20360 | -4/Factory | Destroyed 9 combat bots 20459 | -4/Factory | Cargo convoy interrupted 20486 | -4/Factory | Incoming assault squad redirected 20503 | -4/Factory | Released all parts (12) 20508 | -4/Factory | Crushed by falling debris 20508 | -4/Factory | Core integrity fell below 50% 20533 | -4/Factory | Zion Hacker squad teleported in 20534 | -4/Factory | Lost 11 parts (3n3u5w) 20535 | -4/Factory | Entered Upper Caves 20535 | -4/Upper Caves | Accompanied by 3 allies 20535 | -4/Upper Caves | Spotted Y2-ZGG(f) 20536 | -4/Upper Caves | Encountered a Master Thief 20550 | -4/Upper Caves | Skeleton Box stolen by Master Thief 20551 | -4/Upper Caves | Allies destroyed Y2-ZGG(f) 20686 | -4/Upper Caves | Discovered new exit (range 9) 20736 | -4/Upper Caves | Identified exit to Upper Caves 20738 | -4/Upper Caves | Entered another Upper Caves area 20738 | -4/Upper Caves | Accompanied by 2 allies 20738 | -4/Upper Caves | Spotted CA-AQJ(f) 20739 | -4/Upper Caves | Encountered a Master Thief 20739 | -4/Upper Caves | Skeleton Box stolen by Master Thief 20942 | -4/Upper Caves | Attracted the attention of an 0b10 checkpoint 21215 | -4/Upper Caves | Learned Research emergency access door positions 21223 | -4/Upper Caves | Discovered new exit (range 2) 21225 | -4/Upper Caves | Identified exit to Zhirov 21269 | -4/Upper Caves | Entered Zhirov 21269 | -4/Zhirov | Accompanied by 1 ally 21269 | -4/Zhirov | Discovered new exit (range 3) 21271 | -4/Zhirov | Identified exit to Proximity Caves 21363 | -4/Zhirov | Learned location of Quarantine (-2) 21363 | -4/Zhirov | Learned location of Testing (-3) 21363 | -4/Zhirov | Learned location of Command (-1) 21408 | -4/Zhirov | Found Alien Artifact 21408 | -4/Zhirov | Identified Integrated Dissipator 21408 | -4/Zhirov | Installed Integrated Dissipator, increased core heat dissipation (+20) 21511 | -4/Zhirov | Found Hvy. Reflective Plating 21534 | -4/Zhirov | Found Alien Artifact 21534 | -4/Zhirov | Identified Transdimensional Reconstructor 21534 | -4/Zhirov | Warped through subspace 21554 | -4/Zhirov | Entered Proximity Caves 21554 | -3/Proximity Caves | Accompanied by 1 ally 21834 | -3/Proximity Caves | Core integrity fell below 20% 21928 | -3/Proximity Caves | Lost 8 parts (2p1n3u2w) 21963 | -3/Proximity Caves | Destroyed by H-77 Assassin with High-powered Shotgun Last Messages --------------- 21900_ G-67 Veteran knocked back. 21906_ G-67 Veteran misfires. 21908_ G-67 Veteran heat spikes uncontrollably. 21909_ G-67 Veteran overheating. 21911_ System corrupted: Heat flow error (+140). 21911_ G-67 Veteran heat damages core (-17). 21911_ Flexi-carbon Leg melted. 21911_ Adv. Heat Sink melted. 21919_ Acquired Corrupted Flexi-carbon Leg. 21923_ Acquired Corrupted Adv. Heat Sink. 21929_ 7SHG6G0/KME6DGAGZ#,ZL78M<8 KSY3/D%B 21953_ System corrupted: Matter fused (-10). 21953_ Slug penetrates Wall. 21955_ Penetrated by Slug. 21955_ Adv. Myomer Leg destroyed. 21957_ Slug penetrates Wall. 21957_ Penetrated by Slug. 21960_ Slug penetrates Wall. 21960_ Penetrated by Slug. 21963_ Adv. Heat Sink destroyed. Map ----- +----------------------------------------------------+ | ##???# #????# ##?## ## ###????? | | ##????# ##????# ##?## ## #????? | | #?????# #?????####### ! ##???? | | ##?????# #?????????# ## #???? | | ##?????## #?????????# #???? | | # #??????# ##????????# #???? | | ## #??????# ####?????# #???? | | #?? ???????# #####?## ## #???? | | ####??????????# #??### ## ## #???? | | #?????????????# ###### ## ####???? | | ??????????????## ## ##????? | | ???????????????## ## [ #????? | | ????????????????#### ## ##????? | | ????????????????# = ### #?????? | | ???????????????# ### ##?### ##????? | | ??????????????# ##?# #????## ###### | | ??????????????# #?## ##?????# # | | ??????????????### ### ##??????### | | ????????????????# ## ##?????????## # | | ????????????????# #### ##??????????#! ## | | ????????????????## ##??# ####??????? %! ##? | | ?????????????????# ???## ##??????# ###?? | | ????????????????? #???# ##?????# #???? | | ???????????????? ????# ### #?????# #???? | | ??????????????? ???##hh#?## #?????# #???? | | ???????????????? ??## @##### #?????# #???? | | ???????????????? ??# #### ##?????# ???? | | ???????????????? ???# #??###?????? ???? | | ?????????????????????## #??????????? ???? | | ??????????????????????### #?###???????# ???? | | ????????????????????????## #?# ##??????? ##??? | | ?????????????????????????### ### ##?????? ????? | | ???????????????????????????## ###% ###??????????? | | ????????????????????????????# ###% ##?????????? | | ????????????????????????????# % % #?????????? | | ????????????????????????????## % ##?????????? | | ?????????????????????????????## #####??????????? | | ??????????????????????????????#####??????????????? | | ?????????????????????????????????????????????????? | | ?????????????????????????????????????????????????? | | ?????????????????????????????????????????????????? | | ?????????????????????????????????????????????????? | | ?????????????????????????????????????????????????? | | ?????????????????????????????????????????????????? | | ?????????????????????????????????????????????????? | | ?????????????????????????????????????????????????? | | ?????????????????????????????????????????????????? | | ?????????????????????????????????????????????????? | | ?????????????????????????????????????????????????? | | ?????????????????????????????????????????????????? | +----------------------------------------------------+ Best States ------------- Heat Dissipation 93 Coolant Potential 80 Energy Generation 55 Energy Capacity 1365 Matter Stores 300 Matter Capacity 300 Sight Range 22 Robot Scan Range 16 Terrain Scan Density 10 Jamming Range 12 Cloak Strength 3 Additional Mass Support 12 Base Temperature (-) 200 Corruption Containment 8 Armor Coverage 1650 Utility Shielding 90 Weapon Shielding 100 Weapon Cycling 20 Phase Shifting 10 Evasion (%) 60 Targeting Accuracy 8 Melee Accuracy 8 Core Analysis 8 Recoil Reduction 4 Salvage Targeting 4 Offensive Hacking 11 Defensive Hacking 14 Authchip Count 1 Item Schematics ----------------- Imp. Flight Unit | -9/Materials | Scanalyzed Imp. EM Shotgun | -9/Materials | Scanalyzed Gravity Neutralizer | -8/Materials | Scanalyzed Imp. VTOL Module | -8/Materials | Scanalyzed Med. Storage Unit | -8/Materials | Hacked Imp. Medium Armor Plating | -7/Factory | Scanalyzed Imp. Signal Interpreter | -7/Factory | Scanalyzed Combat Drone Bay | -7/Data Miner | Free Lgt. Regenerative Plating | -7/Data Miner | Free Cld. Aerolev Unit | -7/Data Miner | Free Thermal Defense Suite | -7/Data Miner | Free Prc. Rocket Launcher | -7/Data Miner | Free Hvy. Treads | -7/Data Miner | Free Imp. Component Analysis Suite | -7/Data Miner | Free Imp. Plasma Cutter | -7/Data Miner | Free Recoil Nullifier | -7/Data Miner | Free Adv. Datajack | -7/Data Miner | Free Hvy. Deuterium Engine | -6/Factory | Scanalyzed Adv. ECM Suite | -6/Factory | Scanalyzed Imp. Propulsion Shielding | -6/Factory | Hacked Imp. Deuterium Engine | -5/Factory | Scanalyzed Enh. Gauss Cannon | -5/Factory | Scanalyzed Phasing Sabre | -5/Factory | Scanalyzed Imp. KE Penetrator | -5/Factory | Z-intel Com. Ion Cannon | -5/Factory | Z-intel Tri-rail Accelerator | -5/Factory | Z-intel Mni. Smartbomb Launcher | -5/Factory | Z-intel Fusion Reactor | -5/Factory | Z-intel Imp. Energy Well | -5/Factory | Z-intel Hvy. Proton Cannon | -5/Factory | Z-intel Kinetic Spear | -5/Factory | Z-intel Imp. Matter Compressor | -5/Factory | Z-intel Cld. Plasma Cannon | -5/Factory | Z-intel Plasma Sword | -5/Factory | Z-intel Cld. Plasma Rifle | -5/Factory | Z-intel Assault Drone Bay | -4/Zhirov | Free Exp. Heat Sink | -4/Zhirov | Free Exp. Optical Array | -4/Zhirov | Free Imp. Arc Thrower | -4/Zhirov | Free Robot Schematics ------------------ D-53 Grenadier | -7/Data Miner | Free H-66 Slayer | -7/Data Miner | Free S-27 Virus | -7/Data Miner | Free R-10 Processor | -7/Data Miner | Free L-41 Fighter | -7/Data Miner | Free A-15 Conveyor | -7/Data Miner | Free Fabricated ------------ H-66 Slayer | x2 | -5/Factory | Authchip Cld. Aerolev Unit | x1 | -5/Factory Alien Tech Used ----------------- Core Expander Integrated Dissipator Transdimensional Reconstructor Achievements -------------- None Challenges ------------ None Game ------ Seed ShadingBombCapacitor Manual? 0 Play Time 06:26:21 Cumulative 133.5 hours Start 2022.07.16 @ 12:16:34 End 2022.07.17 @ 11:49:02 Sessions 3 Manual Loads 0 Difficulty Rogue Special Mode None Game No. 46 Rogue 46 Adventurer 0 Explorer 0 Win Type - Total 1 Types 1/0/0/0/0/0/0/0/0 Lore% 55 Gallery% 62 Achievement% 51 Wizard Run 0 Options --------- ASCII 0 Keyboard 0 Movement Numpad Keybinds 0 Fullscreen 1 Font 24/Smallcaps Map View 76x50 Tactical HUD 1 Map Filters NONE Filters NONE Steam 1 RUN: b4aa1787-9c6c-4527-afbe-0ffb171e87cf